 Dungeon Crawl Stone Soup version 0.30-a0-1104-g706747fef1 (webtiles) character file.

Game seed: 15081001744771074466

9 KristoblXynda the Chopper (level 2, 0/31 HPs)
             Began as an Ogre Gladiator on Apr 19, 2023.
             Succumbed to a kobold's poison
             ... on level 1 of the Dungeon.
             The game lasted 00:00:27 (127 turns).

KristoblXynda the Chopper (Ogre Gladiator)           Turns: 127, Time: 00:00:27

Health: 0/31       AC:  3    Str: 17    XL:     2   Next: 16%
Magic:  2/2        EV: 10    Int:  9    God:
Gold:   15         SH:  0    Dex: 10    Spells: 1/1 levels left

rFire   . . .      SeeInvis .    a - +0 war axe
rCold   . . .      Faith    .    (no shield)
rNeg    . . .      Spirit   .    b - +0 robe
rPois   .          Reflect  .    c - +0 hat
rElec   .          Rampage  .    (no cloak)
rCorr   .                        (gloves unavailable)
Will    .....                    (boots unavailable)
Stlth   +                        (no amulet)
HPRegen 0.25/turn                (no ring)
MPRegen 0.08/turn                (no ring)

@: lethally poisoned (0 -> -4)
A: large, unfitting armour, tough skin 1
a: no special abilities


You were on level 1 of the Dungeon.
You visited 1 branch of the dungeon, and saw 1 of its levels.

You collected 15 gold pieces.

Inventory:

Hand Weapons
 a - a +0 war axe (weapon)
Missiles
 d - 3 throwing nets (quivered)
 e - a large rock
Armour
 b - a +0 robe (worn)
 c - a +0 hat (worn)


   Skills:
 + Level 3.1 Fighting
 * Level 3.2 Axes
 - Level 2.0 Throwing
 + Level 2.9 Dodging


You had one spell level left.
You didn't know any spells.
Your spell library was empty.

Dungeon Overview and Level Annotations

Branches:
Dungeon (1/15)

Altars:


Innate Abilities, Weirdness & Mutations

You are too large for most types of armour.
You have tough skin. (AC +1)


Message History

The kobold barely misses you.
You are too injured to fight recklessly!
You are too injured to fight recklessly!
You are too injured to fight recklessly!
You are too injured to fight recklessly!
You are too injured to fight recklessly!
You are too injured to fight recklessly!
You are too injured to fight recklessly!
You are too injured to fight recklessly!
You are too injured to fight recklessly!
You are too injured to fight recklessly!
You are too injured to fight recklessly!
You are too injured to fight recklessly!
You are too injured to fight recklessly!
You are too injured to fight recklessly!
You are too injured to fight recklessly!
Unknown command.
You closely miss the kobold. You punch the kobold, but do no damage.
You feel sick.
The kobold hits you with a +2 short sword of venom.
The kobold misses you.
You hit the kobold but do no damage.
You feel sick. The kobold barely misses you.
You closely miss the kobold.
You feel sick.
The kobold hits you with a +2 short sword of venom.
* * * LOW HITPOINT WARNING * * *
You are lethally poisoned!
You hit the kobold.
You kill the kobold!
* * * LOW HITPOINT WARNING * * *
You feel very sick.
Unknown command.
You aren't carrying any potions.
There is a lethal amount of poison in your body!
There is a lethal amount of poison in your body!
* * * LOW HITPOINT WARNING * * *
You feel sick.
* * * LOW HITPOINT WARNING * * *
You feel sick.
You die...

.# .## ....#..
).######.# .......
#....)....### #.....#
##...........###......#
...####### #.#..>.....#
#### #...# ....#
####..##)...#
##......@....#
###..#####)..### #...##
##..# #####.### ..#
##.....# ### ##..#####
...## ####


There were no monsters in sight!

Vanquished Creatures
  A ball python (D:1)
  2 bats (D:1)
  A giant cockroach (D:1)
  A goblin (D:1)
  3 kobolds (D:1)
8 creatures vanquished.

Notes
Turn   | Place    | Note
-------+----------+-------------------------------------------
     0 | D:1      | KristoblXynda the Ogre Gladiator began the quest for the
                  | Orb.
     0 | D:1      | Reached XP level 1. HP: 22/22 MP: 1/1
   111 | D:1      | Reached XP level 2. HP: 19/31 MP: 2/2
   126 | D:1      | HP: 1/31 [poisoned by a kobold]
   127 | D:1      | Succumbed to a kobold's poison

Illustrated notes

Levels and vault maps discovered:
D:1:      sevenhm_arrival_forest_fort_small_6, layout_rooms

Skill      XL: |  1 |
---------------+----+-----
Fighting       | 3 |  3.1
Axes           | |  3.2
Throwing       | |  2.0
Dodging        | |  2.9

Action                     || total
---------------------------++-------
  Melee: War axe           ||    32
         Punch             ||     1
 Armour: Robe              ||     9
  Dodge: Dodged            ||    26

Table legend: (Time is in decaauts)
 A = Elapsed time spent in this place.
 B = Non-inter-level travel time spent in this place.
 C = Inter-level travel time spent in this place.
 D = Time resting spent in this place.
 E = Time spent auto-exploring this place.
 F = Levels seen in this place.
 G = Mean time per level.
                   A        B        C        D        E       F      G
               +--------+--------+--------+--------+--------+-----+--------+
         Total |    138 |    138 |      0 |      0 |     75 |   1 |  138.0 |
       Dungeon |    138 |    138 |      0 |      0 |     75 |   1 |  138.0 |
               +--------+--------+--------+--------+--------+-----+--------+

Top non-repeatable levels by time:
     D:1: 138 daAuts
